Griffins vs Eagles

Created - March 24, 2023 at 19:07

Goals
1 2 3 T
Griffins 2 0 4 6
Eagles 1 1 2 4
Shots
1 2 3 T
Griffins 10 5 12 27
Eagles 11 11 12 34

1st period

1. Griffins , Nico Hischier 7 (Danny Kristo 31, Ian McCoshen 11) at 10:42
2. Griffins , Tyler Bertuzzi 20 (Ian McCoshen 12, Riley Armstrong 32) at 11:29
3. Eagles , Jared McCann 22 (Ryan Murphy 24, Chris Calhan 7) at 17:56

Penalties :
Keaton Middleton (Col) for Cross-checking (Minor) at 6:16, Klim Kostin (Gra) for Hooking (Minor) at 12:53, Vladislav Namestnikov (Gra) for Hooking (Minor) at 15:38

2nd period

4. Eagles , Matteson Iacopelli 16 (Drake Caggiula 30, Connor Carrick 33) at 3:28

Penalties :
Martin Frk (Gra) for Hooking (Minor) at 11:47, Chris Calhan (Col) for Interference (Minor) at 14:05, Gabriel Vilardi (Col) for Holding (Minor) at 19:49

3rd period

5. Griffins , Riley Armstrong 28 (Roope Hintz 30, Tyler Bertuzzi 35) at 7:46 (PP)
6. Eagles , Nick Cousins 39 (Jonathan Marchessault 51, Joseph Blandisi 29) at 8:35 (PP)
7. Eagles , Drake Caggiula 21 (Anthony Duclair 29, Ryan Murphy 25) at 14:09 (PP)
8. Griffins , Nico Hischier 8 (Dmitri Orlov 19, Roope Hintz 31) at 14:15
9. Griffins , Vladislav Namestnikov 4 (Troy Terry 9, Klim Kostin 4) at 16:09
10. Griffins , Lucas Lessio 16 (Martin Frk 16, Joe Morrow 24) at 16:27

Penalties :
Ryan Murphy (Col) for Interference (Minor) at 6:28, Sonny Milano (Gra) for Tripping (Minor) at 8:13, Tyler Bertuzzi (Gra) for Holding (Minor) at 13:36, Keaton Middleton (Col) for Roughing (Minor) at 16:30

Goalie Stats

Ilya Samsonov (Gra), 30 saves from 34 shots - (0.882), W, 21-16-5, 60:00 minutes
Adin Hill (Col), 21 saves from 27 shots - (0.778), L, 12-11-5, 60:00 minutes

Players Stats for Griffins

Player Name              G  A  P  +/- PIM S  H  SB GA TA FO     MP     PP MP  PK MP  
------------------------------------------------------------------------------------
Brendan Woods            0  0  0   0  0   1  1  1  1  1  2/7    14:10   0:00   4:09 
Chris Bigras             0  0  0   0  0   0  1  3  0  1  0/0    20:23   0:00   2:23 
Danny Kristo             0  1  1   2  0   2  1  0  0  0  0/0    16:40   3:57   1:38 
Dmitri Orlov             0  1  1   3  0   0  0  0  0  0  0/0    18:20   3:39   0:00 
Ian McCoshen             0  2  2   2  0   3  0  1  0  0  0/0    22:00   3:39   2:56 
Joe Morrow               0  1  1   1  0   0  4  1  0  2  0/0    28:01   5:35   3:56 
Klim Kostin              0  1  1   1  2   0  0  0  0  0  0/0     8:56   0:00   0:39 
Lucas Lessio             1  0  1   1  0   2  1  0  0  0  0/0    13:30   3:57   0:12 
Martin Frk               0  1  1   0  2   3  0  2  0  0  1/2    12:08   0:20   1:26 
Nico Hischier            2  0  2   2  0   5  2  0  0  0  4/10   15:12   3:57   0:23 
Riley Armstrong          1  1  2   0  0   2  2  1  0  0  10/29  23:24   4:57   3:39 
Roope Hintz              0  2  2   2  0   2  0  0  0  0  1/1    16:00   5:13   0:00 
Ryan Pulock              0  0  0   0  0   0  0  1  0  0  0/0    15:38   0:00   4:29 
Sebastian Ahaut          0  0  0   0  0   0  0  0  0  1  0/0     9:59   0:00   0:00 
Sonny Milano             0  0  0   0  2   2  5  0  0  0  2/3    20:27   5:35   0:00 
Troy Terry               0  1  1   1  0   0  1  1  0  1  0/0     7:38   0:00   0:00 
Tyler Bertuzzi           1  1  2   0  2   2  1  0  2  0  1/1    22:15   5:03   1:38 
Vladislav Namestnikov    1  0  1   0  2   3  0  0  0  2  1/2     8:22   0:18   0:00 

Players Stats for Eagles

Player Name              G  A  P  +/- PIM S  H  SB GA TA FO     MP     PP MP  PK MP  
------------------------------------------------------------------------------------
Anthony Duclair          0  1  1  -1  0   2  1  0  1  0  1/1    18:09   3:02   4:01 
Chris Calhan             0  1  1   0  2   2  0  0  0  0  0/0    10:31   0:00   0:00 
Connor Carrick           0  1  1   0  0   0  1  1  1  0  0/0    20:40   3:41   4:17 
Dominik Kubalik          0  0  0   0  0   0  0  0  0  0  0/0     1:19   0:00   0:45 
Drake Caggiula           1  1  2  -1  0   4  4  0  1  0  7/14   18:03   3:02   4:02 
Gabriel Vilardi          0  0  0  -1  2   1  0  0  0  0  0/0     6:46   0:00   0:00 
Jared McCann             1  0  1   0  0   4  2  0  0  0  4/6    10:53   0:00   0:21 
John Ramage              0  0  0  -2  0   2  1  0  0  0  0/0    20:43   2:16   3:38 
Jonathan Marchessault    0  1  1  -1  0   2  3  0  0  0  19/30  23:57   3:50   4:39 
Jonathan Racine          0  0  0  -2  0   0  1  1  0  0  0/0    20:43   2:16   3:38 
Joseph Blandisi          0  1  1  -1  0   4  2  3  0  0  0/0    23:57   3:50   4:40 
Keaton Middleton         0  0  0  -1  4   0  1  0  0  0  0/0    14:30   0:55   0:35 
Marian Studenic          0  0  0   0  0   0  0  0  0  0  0/0     0:00   0:00   0:00 
Mark Friedman            0  0  0   0  0   0  0  0  0  0  0/0     5:11   0:00   1:19 
Matteson Iacopelli       1  0  1  -1  0   3  0  0  0  0  0/0    13:39   3:02   0:00 
Max Lajoie               0  0  0   0  0   0  0  0  0  0  0/0     3:32   0:00   0:00 
Michael Carcone          0  0  0  -1  0   1  1  0  0  0  0/0     6:46   0:00   0:00 
Michael Dal Colle        0  0  0   0  0   0  0  0  0  0  0/0     0:00   0:00   0:00 
Nick Cousins             1  0  1  -1  0   5  1  0  1  1  2/4    19:17   3:50   0:00 
Pius Suter               0  0  0   0  0   0  0  0  0  0  0/0     0:00   0:00   0:00 
Ryan Murphy              0  2  2  -1  2   1  2  1  1  1  0/0    26:47   4:36   5:01 
Sam Steel                0  0  0   0  0   0  0  0  0  0  0/0     0:00   0:00   0:00 
Tyler Motte              0  0  0   0  0   3  2  0  1  0  0/0    10:01   0:00   0:00 
Xavier Ouellet           0  0  0   0  0   0  0  1  0  1  0/0     8:22   0:00   0:00 
Zach Aston-Reese         0  0  0  -1  0   0  1  0  2  0  0/0     6:55   0:00   0:00 

3 Stars

1 - Nico Hischier (Gra)
2 - Riley Armstrong (Gra)
3 - Ian McCoshen (Gra)

Power Play

Griffins - 1 on 5 Attempt(s) - 20.00%
Eagles - 2 on 5 Attempt(s) - 40.00%

Penalty Kill

Griffins - 3 on 5 Attempt(s) - 60.00% - Score 0 goal in Penalty Kill
Eagles - 4 on 5 Attempt(s) - 80.00% - Score 0 goal in Penalty Kill

Team Stat

Griffins - Hits : 19 - Faceoff Wins : 22 - Blocked Shots : 11 - Penalty Minutes : 10
Eagles - Hits : 23 - Faceoff Wins : 33 - Blocked Shots : 7 - Penalty Minutes : 10

Official

Referees : Justin St. Pierre and Mitch Dunning
Linesman : Brandon Gawryletz and Ryan Galloway

Game Notes

Connor Carrick is injured at 7:38 of 3rd period (Sore Left Knee)

Finance

Level 1 -- Attendance: 1865 (93.25%) -- Ticket Income $65,275
Level 2 -- Attendance: 979 (97.90%) -- Ticket Income $14,685
Total Attendance: 2844 (94.80%)
Total Ticket Income: $79,960
Other Income: $3,998
Total Income: $83,958

Griffins

5 vs 5 Forward 
   Center                   Left Wing                Right Wing               Time % Phy DF OF 
 1 Riley Armstrong          Sonny Milano             Tyler Bertuzzi           40     1   2  2  
 2 Nico Hischier            Roope Hintz              Danny Kristo             30     1   2  2  
 3 Brendan Woods            Lucas Lessio             Martin Frk               20     1   2  2  
 4 Vladislav Namestnikov    Klim Kostin              Troy Terry               10     1   2  2  

5 vs 5 Defense 
   Defense                  Defense                                           Time % Phy DF OF 
 1 Chris Bigras             Joe Morrow                                        40     1   4  0  
 2 Dmitri Orlov             Ian McCoshen                                      30     1   4  0  
 3 Sebastian Ahaut          Ryan Pulock                                       20     1   4  0  
 4 Joe Morrow               Ryan Pulock                                       10     1   4  0  

PowerPlay Forward 
   Center                   Left Wing                Right Wing               Time % Phy DF OF 
 1 Riley Armstrong          Roope Hintz              Tyler Bertuzzi           60     1   2  2  
 2 Nico Hischier            Danny Kristo             Lucas Lessio             40     1   2  2  

PowerPlay Defense
   Defense                  Defense                                           Time % Phy DF OF 
 1 Joe Morrow               Sonny Milano                                      60     1   2  2  
 2 Dmitri Orlov             Ian McCoshen                                      40     1   2  2  

Penalty Kill 4 Players Forward 
   Center                   Wing                     Time % Phy DF OF 
 1 Riley Armstrong          Brendan Woods            60     1   2  2  
 2 Danny Kristo             Tyler Bertuzzi           40     1   2  2  

Penalty Kill 4 Players Defense
   Defense                  Defense                  Time % Phy DF OF 
 1 Joe Morrow               Ryan Pulock              60     1   2  2  
 2 Chris Bigras             Ian McCoshen             40     1   2  2  

Penalty Kill - 3 Players Forward 
   Forward                                           Time % Phy DF OF 
 1 Brendan Woods                                     60     1   2  2  
 2 Riley Armstrong                                   40     1   2  2  

Penalty Kill - 3 Players Defense
   Defense                  Defense                  Time % Phy DF OF 
 1 Joe Morrow               Ryan Pulock              60     1   2  2  
 2 Ian McCoshen             Chris Bigras             40     1   2  2  

4 vs 4 Forward 
   Center                   Wing                     Time % Phy DF OF 
 1 Riley Armstrong          Tyler Bertuzzi           60     1   2  2  
 2 Roope Hintz              Danny Kristo             40     1   2  2  

4 vs 4 Defense
   Defense                  Defense                  Time % Phy DF OF 
 1 Ian McCoshen             Dmitri Orlov             60     1   2  2  
 2 Joe Morrow               Chris Bigras             40     1   2  2  

Last Minutes Offensive
   Center                   Left Wing                Right Wing               Defense                  Defense                  
   Riley Armstrong          Tyler Bertuzzi           Danny Kristo             Joe Morrow               Dmitri Orlov             

Last Minutes Defensive
   Center                   Left Wing                Right Wing               Defense                  Defense                  
   Riley Armstrong          Brendan Woods            Lucas Lessio             Joe Morrow               Ian McCoshen             

Goaltenders
Starting : Ilya Samsonov            
Backup : Adam Werner              

Extra Forwards
Normal : Roope Hintz, Danny Kristo, Brendan Woods - PP : Martin Frk, Vladislav Namestnikov - PK : Martin Frk
Extra Defensemen
Normal : Ian McCoshen, Chris Bigras, Dmitri Orlov - PP : Ryan Pulock - PK : Ian McCoshen, Dmitri Orlov
Penalty Shots
Sonny Milano, Danny Kristo, Roope Hintz, Troy Terry, Riley Armstrong

Scratches
Cody Glass (Healthy), Morgan Barron (Healthy), Lias Andersson (Healthy), Jack Studnicka (Healthy), Greg McKegg (Healthy)
Jack Ramsey (Healthy), Konrad Abeltshauser (Healthy), Michael Bunting (Healthy), Conor Timmins (Healthy), Tanner Kero (Healthy)
Tomas Hyka (Healthy), Ryan Lindgren (Healthy), Nick Swaney (Healthy), Marcus Hogberg (Healthy), Philippe Desrosiers (Healthy)

Eagles

5 vs 5 Forward 
   Center                   Left Wing                Right Wing               Time % Phy DF OF 
 1 Jonathan Marchessault    Joseph Blandisi          Nick Cousins             40     1   2  2  
 2 Drake Caggiula           Anthony Duclair          Matteson Iacopelli       30     1   2  2  
 3 Jared McCann             Tyler Motte              Chris Calhan             20     1   2  2  
 4 Zach Aston-Reese         Michael Carcone          Gabriel Vilardi          10     1   2  2  

5 vs 5 Defense 
   Defense                  Defense                                           Time % Phy DF OF 
 1 Ryan Murphy              Connor Carrick                                    40     1   2  2  
 2 John Ramage              Jonathan Racine                                   30     1   2  2  
 3 Xavier Ouellet           Keaton Middleton                                  20     1   2  2  
 4 Mark Friedman            Max Lajoie                                        10     1   2  2  

PowerPlay Forward 
   Center                   Left Wing                Right Wing               Time % Phy DF OF 
 1 Jonathan Marchessault    Joseph Blandisi          Nick Cousins             60     1   2  2  
 2 Drake Caggiula           Anthony Duclair          Matteson Iacopelli       40     1   2  2  

PowerPlay Defense
   Defense                  Defense                                           Time % Phy DF OF 
 1 Ryan Murphy              Connor Carrick                                    60     1   2  2  
 2 John Ramage              Jonathan Racine                                   40     1   2  2  

Penalty Kill 4 Players Forward 
   Center                   Wing                     Time % Phy DF OF 
 1 Jonathan Marchessault    Joseph Blandisi          60     1   2  2  
 2 Drake Caggiula           Anthony Duclair          40     1   2  2  

Penalty Kill 4 Players Defense
   Defense                  Defense                  Time % Phy DF OF 
 1 Ryan Murphy              Connor Carrick           60     1   2  2  
 2 John Ramage              Jonathan Racine          40     1   2  2  

Penalty Kill - 3 Players Forward 
   Forward                                           Time % Phy DF OF 
 1 Jonathan Marchessault                             60     1   2  2  
 2 Drake Caggiula                                    40     1   2  2  

Penalty Kill - 3 Players Defense
   Defense                  Defense                  Time % Phy DF OF 
 1 Ryan Murphy              Connor Carrick           60     1   2  2  
 2 John Ramage              Jonathan Racine          40     1   2  2  

4 vs 4 Forward 
   Center                   Wing                     Time % Phy DF OF 
 1 Jonathan Marchessault    Joseph Blandisi          60     1   2  2  
 2 Drake Caggiula           Anthony Duclair          40     1   2  2  

4 vs 4 Defense
   Defense                  Defense                  Time % Phy DF OF 
 1 Ryan Murphy              Connor Carrick           60     1   2  2  
 2 John Ramage              Jonathan Racine          40     1   2  2  

Last Minutes Offensive
   Center                   Left Wing                Right Wing               Defense                  Defense                  
   Jonathan Marchessault    Joseph Blandisi          Nick Cousins             Ryan Murphy              Connor Carrick           

Last Minutes Defensive
   Center                   Left Wing                Right Wing               Defense                  Defense                  
   Jonathan Marchessault    Joseph Blandisi          Nick Cousins             Ryan Murphy              Connor Carrick           

Goaltenders
Starting : Adin Hill                
Backup : Antoine Bibeau           

Extra Forwards
Normal : Anthony Duclair, Jared McCann, Zach Aston-Reese - PP : Anthony Duclair, Jared McCann - PK : Anthony Duclair
Extra Defensemen
Normal : Keaton Middleton, Mark Friedman, Max Lajoie - PP : Keaton Middleton - PK : Keaton Middleton, Mark Friedman
Penalty Shots
Nick Cousins, Jonathan Marchessault, Joseph Blandisi, Drake Caggiula, Anthony Duclair

Scratches
Pascal Laberge (Healthy), Walker Duehr (Healthy), Jamie Phillips (Healthy)

% Time on Ice - Griffins

Lines # - Real PCT - Wanted PCT - Time Play
Normal Forward
1 - 35% - 40% - 15:30
2 - 26% - 30% - 11:25
3 - 21% - 20% - 9:21
4 - 17% - 10% - 7:38
Normal Defense
1 - 39% - 40% - 17:20
2 - 35% - 30% - 15:25
3 - 23% - 20% - 9:59
4 - 3% - 10% - 1:10
PP Forward
1 - 57% - 60% - 5:17
2 - 43% - 40% - 3:57
PP Defense
1 - 60% - 60% - 5:35
2 - 40% - 40% - 3:39
PK Forward
1 - 76% - 60% - 5:14
2 - 24% - 40% - 1:38
PK Defense
1 - 65% - 60% - 4:29
2 - 35% - 40% - 2:23
PK3 Forward
1 - 0% - 60%
2 - 0% - 40%
PK3 Defense
1 - 0% - 60%
2 - 0% - 40%
44 Forward
1 - 0% - 60%
2 - 0% - 40%
44 Defense
1 - 0% - 60%
2 - 0% - 40%
Last Minute Offensive  - 0:00
Last Minute Defensive  - 0:00
Total
Forward - 60:00
Defense - 60:00

% Time on Ice - Eagles

Lines # - Real PCT - Wanted PCT - Time Play
Normal Forward
1 - 38% - 40% - 16:30
2 - 24% - 30% - 10:37
3 - 23% - 20% - 10:01
4 - 15% - 10% - 6:46
Normal Defense
1 - 39% - 40% - 17:11
2 - 34% - 30% - 14:49
3 - 19% - 20% - 8:22
4 - 8% - 10% - 3:32
PP Forward
1 - 56% - 60% - 3:50
2 - 44% - 40% - 3:02
PP Defense
1 - 67% - 60% - 4:36
2 - 33% - 40% - 2:16
PK Forward
1 - 78% - 60% - 7:10
2 - 22% - 40% - 2:04
PK Defense
1 - 61% - 60% - 5:36
2 - 39% - 40% - 3:38
PK3 Forward
1 - 0% - 60%
2 - 0% - 40%
PK3 Defense
1 - 0% - 60%
2 - 0% - 40%
44 Forward
1 - 0% - 60%
2 - 0% - 40%
44 Defense
1 - 0% - 60%
2 - 0% - 40%
Last Minute Offensive  - 0:00
Last Minute Defensive  - 0:00
Total
Forward - 60:00
Defense - 60:00

Play-by-Play

1st period


0:01 of 1st period - Riley Armstrong wins face-off versus Jonathan Marchessault in neutral zone.
1:07 of 1st period - Vladislav Namestnikov is hit by Ryan Murphy and loses puck.
1:14 of 1st period - Snap shot by Zach Aston-Reese.
1:14 of 1st period - Shot Misses the Net.
1:20 of 1st period - Snap shot by Gabriel Vilardi.
1:20 of 1st period - Shot Blocked by Troy Terry.
1:54 of 1st period - Wrist shot by Roope Hintz.
1:54 of 1st period - Stopped by Adin Hill with a rebound.
2:41 of 1st period - Snap shot by Zach Aston-Reese.
2:41 of 1st period - Shot Misses the Net.
2:59 of 1st period - Wrist shot by Joseph Blandisi.
2:59 of 1st period - Stopped by Ilya Samsonov without a rebound.
3:00 of 1st period - Drake Caggiula wins face-off versus Nico Hischier in Griffins zone.
3:05 of 1st period - Slapshot by Anthony Duclair.
3:05 of 1st period - Shot Misses the Net.
3:29 of 1st period - Off-side.
3:30 of 1st period - Jonathan Marchessault wins face-off versus Riley Armstrong in neutral zone.
3:41 of 1st period - Wrist shot by Jonathan Marchessault.
3:41 of 1st period - Deflect By Joseph Blandisi.
3:41 of 1st period - Stopped by Ilya Samsonov without a rebound.
3:42 of 1st period - Riley Armstrong wins face-off versus Jonathan Marchessault in Griffins zone.
3:57 of 1st period - Snap shot by Nick Cousins.
3:57 of 1st period - Stopped by Ilya Samsonov with a rebound.
4:38 of 1st period - Wrist shot by Michael Carcone.
4:38 of 1st period - Stopped by Ilya Samsonov with a rebound.
4:40 of 1st period - Snap shot by John Ramage.
4:40 of 1st period - Deflect By Martin Frk.
4:40 of 1st period - Stopped by Ilya Samsonov with a rebound.
4:54 of 1st period - Snap shot by Klim Kostin.
4:54 of 1st period - Shot Misses the Net.
5:39 of 1st period - Off-side.
5:40 of 1st period - Nico Hischier wins face-off versus Drake Caggiula in neutral zone.
6:06 of 1st period - Wrist shot by Roope Hintz.
6:06 of 1st period - Deflect By Nico Hischier.
6:06 of 1st period - Shot Misses the Net.
6:06 of 1st period - Puck is out of play.
6:07 of 1st period - Riley Armstrong wins face-off versus Jonathan Marchessault in Eagles zone.
6:16 of 1st period - Minor Penalty to Keaton Middleton for Cross-checking.
6:17 of 1st period - Jonathan Marchessault wins face-off versus Riley Armstrong in Eagles zone.
6:29 of 1st period - Jonathan Marchessault is hit by Joe Morrow and loses puck.
8:16 of 1st period - Penalty to Keaton Middleton is over, Keaton Middleton is back on ice.
8:22 of 1st period - Icing by Jonathan Racine.
8:23 of 1st period - Drake Caggiula wins face-off versus Vladislav Namestnikov in Eagles zone.
9:00 of 1st period - Snap shot by Jonathan Marchessault.
9:00 of 1st period - Stopped by Ilya Samsonov with a rebound.
9:40 of 1st period - Slapshot by Jared McCann.
9:40 of 1st period - Shot Blocked by Chris Bigras.
10:36 of 1st period - Slapshot by Roope Hintz.
10:36 of 1st period - Stopped by Adin Hill with a rebound.
10:38 of 1st period - Snap shot by Ian McCoshen.
10:38 of 1st period - Stopped by Adin Hill with a rebound.
10:40 of 1st period - Slapshot by Danny Kristo.
10:40 of 1st period - Stopped by Adin Hill with a rebound.
10:42 of 1st period - Snap shot by Nico Hischier.
10:42 of 1st period - Goal by Nico Hischier - Griffins : 1 - Eagles : 0.
10:43 of 1st period - Anthony Duclair wins face-off versus Riley Armstrong in neutral zone.
10:50 of 1st period - Wrist shot by Sonny Milano.
10:50 of 1st period - Stopped by Adin Hill with a rebound.
10:52 of 1st period - Slapshot by Tyler Bertuzzi.
10:52 of 1st period - Stopped by Adin Hill without a rebound.
10:53 of 1st period - Drake Caggiula wins face-off versus Riley Armstrong in Eagles zone.
10:53 of 1st period - Drake Caggiula is hit by Sonny Milano.
10:59 of 1st period - Wrist shot by Anthony Duclair.
10:59 of 1st period - Shot Misses the Net.
11:19 of 1st period - Wrist shot by Tyler Bertuzzi.
11:19 of 1st period - Shot Misses the Net.
11:27 of 1st period - Slapshot by Tyler Bertuzzi.
11:27 of 1st period - Shot Misses the Net.
11:29 of 1st period - Slapshot by Ian McCoshen.
11:29 of 1st period - Deflect By Tyler Bertuzzi.
11:29 of 1st period - Goal by Tyler Bertuzzi - Griffins : 2 - Eagles : 0.
11:30 of 1st period - Nick Cousins wins face-off versus Nico Hischier in neutral zone.
11:43 of 1st period - Slapshot by Danny Kristo.
11:43 of 1st period - Stopped by Adin Hill with a rebound.
11:45 of 1st period - Wrist shot by Roope Hintz.
11:45 of 1st period - Shot Blocked by Joseph Blandisi.
12:43 of 1st period - Snap shot by Gabriel Vilardi.
12:43 of 1st period - Stopped by Ilya Samsonov with a rebound.
12:53 of 1st period - Minor Penalty to Klim Kostin for Hooking.
12:54 of 1st period - Riley Armstrong wins face-off versus Jonathan Marchessault in Griffins zone.
13:03 of 1st period - Ryan Murphy is hit by Brendan Woods.
13:09 of 1st period - Snap shot by Brendan Woods.
13:09 of 1st period - Stopped by Adin Hill with a rebound.
13:21 of 1st period - Joe Morrow is hit by Connor Carrick and loses puck.
13:28 of 1st period - Wrist shot by Anthony Duclair.
13:28 of 1st period - Stopped by Ilya Samsonov without a rebound.
13:29 of 1st period - Jonathan Marchessault wins face-off versus Riley Armstrong in Griffins zone.
14:20 of 1st period - Joe Morrow is hit by Nick Cousins and loses puck.
14:53 of 1st period - Penalty to Klim Kostin is over, Klim Kostin is back on ice.
15:12 of 1st period - Icing by John Ramage.
15:13 of 1st period - Brendan Woods wins face-off versus Jared McCann in Eagles zone.
15:24 of 1st period - Snap shot by Martin Frk.
15:24 of 1st period - Shot Misses the Net.
15:38 of 1st period - Minor Penalty to Vladislav Namestnikov for Hooking.
15:39 of 1st period - Riley Armstrong wins face-off versus Nick Cousins in Griffins zone.
16:06 of 1st period - Drake Caggiula is hit by Tyler Bertuzzi and loses puck.
16:13 of 1st period - Danny Kristo is hit by John Ramage and loses puck.
17:26 of 1st period - Danny Kristo is hit by Jonathan Marchessault and loses puck.
17:38 of 1st period - Penalty to Vladislav Namestnikov is over, Vladislav Namestnikov is back on ice.
17:48 of 1st period - Snap shot by Jared McCann.
17:48 of 1st period - Shot Misses the Net.
17:54 of 1st period - Snap shot by Ryan Murphy.
17:54 of 1st period - Stopped by Ilya Samsonov with a rebound.
17:56 of 1st period - Slapshot by Jared McCann.
17:56 of 1st period - Goal by Jared McCann - Griffins : 2 - Eagles : 1.
17:57 of 1st period - Riley Armstrong wins face-off versus Drake Caggiula in neutral zone.
18:12 of 1st period - Slapshot by Matteson Iacopelli.
18:12 of 1st period - Shot Misses the Net.
19:14 of 1st period - Snap shot by Tyler Bertuzzi.
19:14 of 1st period - Shot Misses the Net.
19:16 of 1st period - Snap shot by Tyler Bertuzzi.
19:16 of 1st period - Shot Blocked by Jonathan Racine.
19:28 of 1st period - Dmitri Orlov is hit by Drake Caggiula and loses puck.
19:54 of 1st period - Snap shot by Jared McCann.
19:54 of 1st period - Stopped by Ilya Samsonov with a rebound.
Goals for this period are 2 for Griffins vs 1 for Eagles.
Shots for this period are 10 for Griffins vs 11 for Eagles.

2nd period


0:01 of 2nd period - Jonathan Marchessault wins face-off versus Riley Armstrong in neutral zone.
0:26 of 2nd period - Joseph Blandisi is hit by Lucas Lessio and loses puck.
0:39 of 2nd period - Snap shot by Martin Frk.
0:39 of 2nd period - Stopped by Adin Hill with a rebound.
1:58 of 2nd period - Snap shot by Anthony Duclair.
1:58 of 2nd period - Shot Blocked by Joe Morrow.
2:00 of 2nd period - Slapshot by John Ramage.
2:00 of 2nd period - Stopped by Ilya Samsonov without a rebound.
2:01 of 2nd period - Sonny Milano wins face-off versus Jonathan Marchessault in Griffins zone.
2:51 of 2nd period - Brendan Woods is hit by Keaton Middleton and loses puck.
3:28 of 2nd period - Wrist shot by Matteson Iacopelli.
3:28 of 2nd period - Goal by Matteson Iacopelli - Griffins : 2 - Eagles : 2.
3:29 of 2nd period - Sonny Milano wins face-off versus Jonathan Marchessault in neutral zone.
3:34 of 2nd period - Snap shot by Riley Armstrong.
3:34 of 2nd period - Stopped by Adin Hill with a rebound.
4:02 of 2nd period - Slapshot by Ian McCoshen.
4:02 of 2nd period - Stopped by Adin Hill with a rebound.
4:04 of 2nd period - Slapshot by Nico Hischier.
4:04 of 2nd period - Stopped by Adin Hill without a rebound.
4:05 of 2nd period - Drake Caggiula wins face-off versus Riley Armstrong in Eagles zone.
4:30 of 2nd period - Riley Armstrong is hit by Tyler Motte and loses puck.
4:41 of 2nd period - Dmitri Orlov is hit by Jared McCann and loses puck.
5:18 of 2nd period - Ian McCoshen is hit by Jonathan Marchessault and loses puck.
5:26 of 2nd period - Wrist shot by Chris Bigras.
5:26 of 2nd period - Shot Blocked by Joseph Blandisi.
5:28 of 2nd period - Snap shot by Danny Kristo.
5:28 of 2nd period - Shot Misses the Net.
5:40 of 2nd period - Slapshot by Drake Caggiula.
5:40 of 2nd period - Stopped by Ilya Samsonov with a rebound.
6:30 of 2nd period - Slapshot by Roope Hintz.
6:30 of 2nd period - Shot Blocked by Xavier Ouellet.
6:32 of 2nd period - Snap shot by Roope Hintz.
6:32 of 2nd period - Shot Misses the Net.
8:03 of 2nd period - Roope Hintz is hit by Michael Carcone and loses puck.
8:24 of 2nd period - Ryan Murphy is hit by Sonny Milano and loses puck.
8:41 of 2nd period - Lucas Lessio is hit by Drake Caggiula and loses puck.
8:50 of 2nd period - Snap shot by Drake Caggiula.
8:50 of 2nd period - Deflect By Matteson Iacopelli.
8:50 of 2nd period - Shot Blocked by Ryan Pulock.
8:50 of 2nd period - Puck is out of play.
8:51 of 2nd period - Jonathan Marchessault wins face-off versus Riley Armstrong in Griffins zone.
8:56 of 2nd period - Wrist shot by Nick Cousins.
8:56 of 2nd period - Stopped by Ilya Samsonov without a rebound.
8:57 of 2nd period - Jonathan Marchessault wins face-off versus Riley Armstrong in Griffins zone.
8:58 of 2nd period - Snap shot by Nick Cousins.
8:58 of 2nd period - Shot Misses the Net.
9:03 of 2nd period - Icing by Tyler Bertuzzi.
9:04 of 2nd period - Jonathan Marchessault wins face-off versus Riley Armstrong in Griffins zone.
9:51 of 2nd period - Wrist shot by Zach Aston-Reese.
9:51 of 2nd period - Shot Blocked by Chris Bigras.
10:26 of 2nd period - Danny Kristo is hit by Jonathan Marchessault and loses puck.
11:03 of 2nd period - Snap shot by Joseph Blandisi.
11:03 of 2nd period - Shot Misses the Net.
11:05 of 2nd period - Wrist shot by Jonathan Marchessault.
11:05 of 2nd period - Stopped by Ilya Samsonov without a rebound.
11:06 of 2nd period - Nico Hischier wins face-off versus Drake Caggiula in Griffins zone.
11:06 of 2nd period - Nico Hischier is hit by Ryan Murphy.
11:37 of 2nd period - Backhand shot by Chris Calhan.
11:37 of 2nd period - Stopped by Ilya Samsonov with a rebound.
11:47 of 2nd period - Minor Penalty to Martin Frk for Hooking.
11:48 of 2nd period - Jonathan Marchessault wins face-off versus Riley Armstrong in Griffins zone.
12:19 of 2nd period - Snap shot by Anthony Duclair.
12:19 of 2nd period - Shot Blocked by Riley Armstrong.
12:23 of 2nd period - Snap shot by Anthony Duclair.
12:23 of 2nd period - Stopped by Ilya Samsonov without a rebound.
12:24 of 2nd period - Riley Armstrong wins face-off versus Jonathan Marchessault in Griffins zone.
12:59 of 2nd period - Riley Armstrong is hit by Joseph Blandisi and loses puck.
13:47 of 2nd period - Penalty to Martin Frk is over, Martin Frk is back on ice.
13:51 of 2nd period - Icing by Nick Cousins.
13:52 of 2nd period - Nick Cousins wins face-off versus Nico Hischier in Eagles zone.
14:05 of 2nd period - Minor Penalty to Chris Calhan for Interference.
14:06 of 2nd period - Jonathan Marchessault wins face-off versus Riley Armstrong in Eagles zone.
14:22 of 2nd period - Snap shot by Roope Hintz.
14:22 of 2nd period - Shot Misses the Net.
14:57 of 2nd period - Jonathan Marchessault is hit by Nico Hischier and loses puck.
16:04 of 2nd period - Ryan Murphy is hit by Sonny Milano and loses puck.
16:05 of 2nd period - Penalty to Chris Calhan is over, Chris Calhan is back on ice.
16:19 of 2nd period - Wrist shot by Troy Terry.
16:19 of 2nd period - Shot Misses the Net.
16:35 of 2nd period - Wrist shot by Jared McCann.
16:35 of 2nd period - Stopped by Ilya Samsonov without a rebound.
16:36 of 2nd period - Jonathan Marchessault wins face-off versus Brendan Woods in Griffins zone.
16:39 of 2nd period - Snap shot by Joseph Blandisi.
16:39 of 2nd period - Stopped by Ilya Samsonov without a rebound.
16:40 of 2nd period - Vladislav Namestnikov wins face-off versus Jonathan Marchessault in Griffins zone.
16:49 of 2nd period - Slapshot by Ian McCoshen.
16:49 of 2nd period - Stopped by Adin Hill with a rebound.
16:55 of 2nd period - Ian McCoshen is hit by Jonathan Racine.
17:09 of 2nd period - Snap shot by Matteson Iacopelli.
17:09 of 2nd period - Stopped by Ilya Samsonov with a rebound.
17:33 of 2nd period - Slapshot by Tyler Motte.
17:33 of 2nd period - Stopped by Ilya Samsonov without a rebound.
17:34 of 2nd period - Jonathan Marchessault wins face-off versus Riley Armstrong in Griffins zone.
17:59 of 2nd period - Drake Caggiula is hit by Joe Morrow.
18:58 of 2nd period - Nick Cousins is hit by Riley Armstrong.
19:24 of 2nd period - Wrist shot by Drake Caggiula.
19:24 of 2nd period - Shot Misses the Net.
19:49 of 2nd period - Minor Penalty to Gabriel Vilardi for Holding.
19:50 of 2nd period - Jonathan Marchessault wins face-off versus Riley Armstrong in Eagles zone.
Goals for this period are 0 for Griffins vs 1 for Eagles.
Shots for this period are 5 for Griffins vs 11 for Eagles.

3rd period


0:01 of 3rd period - Jonathan Marchessault wins face-off versus Riley Armstrong in neutral zone.
0:11 of 3rd period - Wrist shot by Roope Hintz.
0:11 of 3rd period - Shot Misses the Net.
0:13 of 3rd period - Slapshot by Joe Morrow.
0:13 of 3rd period - Shot Blocked by Connor Carrick.
0:15 of 3rd period - Snap shot by Tyler Bertuzzi.
0:15 of 3rd period - Shot Misses the Net.
1:49 of 3rd period - Penalty to Gabriel Vilardi is over, Gabriel Vilardi is back on ice.
2:15 of 3rd period - Slapshot by Vladislav Namestnikov.
2:15 of 3rd period - Stopped by Adin Hill with a rebound.
2:32 of 3rd period - Lucas Lessio is hit by Jared McCann and loses puck.
2:43 of 3rd period - Jonathan Racine is hit by Troy Terry and loses puck.
3:34 of 3rd period - Snap shot by Matteson Iacopelli.
3:34 of 3rd period - Stopped by Ilya Samsonov with a rebound.
4:24 of 3rd period - Dmitri Orlov is hit by Tyler Motte.
4:36 of 3rd period - Vladislav Namestnikov is hit by Zach Aston-Reese and loses puck.
5:15 of 3rd period - Snap shot by Sonny Milano.
5:15 of 3rd period - Deflect By Tyler Bertuzzi.
5:15 of 3rd period - Shot Blocked by Joseph Blandisi.
5:15 of 3rd period - Puck is out of play.
5:16 of 3rd period - Jonathan Marchessault wins face-off versus Riley Armstrong in Eagles zone.
5:16 of 3rd period - Jonathan Marchessault is hit by Sonny Milano.
5:46 of 3rd period - Snap shot by Troy Terry.
5:46 of 3rd period - Shot Misses the Net.
5:48 of 3rd period - Slapshot by Troy Terry.
5:48 of 3rd period - Shot Misses the Net.
6:28 of 3rd period - Minor Penalty to Ryan Murphy for Interference.
6:29 of 3rd period - Jonathan Marchessault wins face-off versus Riley Armstrong in Eagles zone.
6:55 of 3rd period - Jonathan Racine is hit by Nico Hischier and loses puck.
7:00 of 3rd period - Snap shot by Nico Hischier.
7:00 of 3rd period - Stopped by Adin Hill with a rebound.
7:02 of 3rd period - Wrist shot by Lucas Lessio.
7:02 of 3rd period - Shot Misses the Net.
7:04 of 3rd period - Slapshot by Dmitri Orlov.
7:04 of 3rd period - Shot Misses the Net.
7:37 of 3rd period - Connor Carrick is hit by Riley Armstrong and loses puck.
7:38 of 3rd period - Connor Carrick from Eagles is injured at 7:38 of 3rd period (Sore Left Knee).
7:39 of 3rd period - Riley Armstrong wins face-off versus Jonathan Marchessault in Eagles zone.
7:46 of 3rd period - Snap shot by Riley Armstrong.
7:46 of 3rd period - Goal by Riley Armstrong - Griffins : 3 - Eagles : 2.
7:47 of 3rd period - Tyler Bertuzzi wins face-off versus Jonathan Marchessault in neutral zone.
7:56 of 3rd period - Slapshot by Riley Armstrong.
7:56 of 3rd period - Shot Misses the Net.
8:04 of 3rd period - Jonathan Marchessault is hit by Sonny Milano and loses puck.
8:13 of 3rd period - Minor Penalty to Sonny Milano for Tripping.
8:14 of 3rd period - Riley Armstrong wins face-off versus Nick Cousins in Griffins zone.
8:19 of 3rd period - Slapshot by Nick Cousins.
8:19 of 3rd period - Deflect By Brendan Woods.
8:19 of 3rd period - Stopped by Ilya Samsonov without a rebound.
8:20 of 3rd period - Jonathan Marchessault wins face-off versus Riley Armstrong in Griffins zone.
8:35 of 3rd period - Slapshot by Nick Cousins.
8:35 of 3rd period - Goal by Nick Cousins - Griffins : 3 - Eagles : 3.
8:36 of 3rd period - Riley Armstrong wins face-off versus Jonathan Marchessault in neutral zone.
8:50 of 3rd period - Slapshot by Riley Armstrong.
8:50 of 3rd period - Shot Misses the Net.
8:52 of 3rd period - Snap shot by Sonny Milano.
8:52 of 3rd period - Stopped by Adin Hill with a rebound.
9:31 of 3rd period - Snap shot by Martin Frk.
9:31 of 3rd period - Stopped by Adin Hill with a rebound.
9:50 of 3rd period - Snap shot by Vladislav Namestnikov.
9:50 of 3rd period - Stopped by Adin Hill without a rebound.
9:51 of 3rd period - Jonathan Marchessault wins face-off versus Sonny Milano in Eagles zone.
9:51 of 3rd period - Jonathan Marchessault is hit by Joe Morrow.
10:59 of 3rd period - Wrist shot by Joseph Blandisi.
10:59 of 3rd period - Stopped by Ilya Samsonov with a rebound.
11:45 of 3rd period - Nick Cousins is hit by Chris Bigras and loses puck.
11:58 of 3rd period - John Ramage is hit by Joe Morrow.
12:52 of 3rd period - Backhand shot by Jonathan Racine.
12:52 of 3rd period - Shot Blocked by Chris Bigras.
13:34 of 3rd period - Snap shot by Jonathan Marchessault.
13:34 of 3rd period - Shot Misses the Net.
13:36 of 3rd period - Minor Penalty to Tyler Bertuzzi for Holding.
13:37 of 3rd period - Drake Caggiula wins face-off versus Brendan Woods in Griffins zone.
13:44 of 3rd period - Snap shot by Drake Caggiula.
13:44 of 3rd period - Shot Blocked by Brendan Woods.
13:46 of 3rd period - Slapshot by Drake Caggiula.
13:46 of 3rd period - Stopped by Ilya Samsonov without a rebound.
13:47 of 3rd period - Martin Frk wins face-off versus Drake Caggiula in Griffins zone.
13:47 of 3rd period - Martin Frk is hit by Anthony Duclair.
14:07 of 3rd period - Snap shot by Drake Caggiula.
14:07 of 3rd period - Shot Misses the Net.
14:09 of 3rd period - Snap shot by Drake Caggiula.
14:09 of 3rd period - Goal by Drake Caggiula - Griffins : 3 - Eagles : 4.
14:10 of 3rd period - Roope Hintz wins face-off versus Drake Caggiula in neutral zone.
14:13 of 3rd period - Slapshot by Dmitri Orlov.
14:13 of 3rd period - Shot Blocked by Ryan Murphy.
14:15 of 3rd period - Snap shot by Nico Hischier.
14:15 of 3rd period - Goal by Nico Hischier - Griffins : 4 - Eagles : 4.
14:16 of 3rd period - Drake Caggiula wins face-off versus Nico Hischier in neutral zone.
14:21 of 3rd period - Slapshot by Keaton Middleton.
14:21 of 3rd period - Deflect By Drake Caggiula.
14:21 of 3rd period - Shot Blocked by Ian McCoshen.
14:21 of 3rd period - Puck is out of play.
14:22 of 3rd period - Nico Hischier wins face-off versus Drake Caggiula in Griffins zone.
14:31 of 3rd period - Drake Caggiula is hit by Danny Kristo and loses puck.
14:44 of 3rd period - Snap shot by Drake Caggiula.
14:44 of 3rd period - Stopped by Ilya Samsonov without a rebound.
14:45 of 3rd period - Jared McCann wins face-off versus Brendan Woods in Griffins zone.
14:52 of 3rd period - Slapshot by Chris Calhan.
14:52 of 3rd period - Stopped by Ilya Samsonov without a rebound.
14:53 of 3rd period - Jared McCann wins face-off versus Martin Frk in Griffins zone.
15:02 of 3rd period - Wrist shot by Tyler Motte.
15:02 of 3rd period - Stopped by Ilya Samsonov with a rebound.
15:14 of 3rd period - Wrist shot by Lucas Lessio.
15:14 of 3rd period - Stopped by Adin Hill without a rebound.
15:15 of 3rd period - Drake Caggiula wins face-off versus Nico Hischier in Eagles zone.
15:42 of 3rd period - Wrist shot by Martin Frk.
15:42 of 3rd period - Stopped by Adin Hill with a rebound.
16:07 of 3rd period - Slapshot by Troy Terry.
16:07 of 3rd period - Shot Misses the Net.
16:09 of 3rd period - Wrist shot by Vladislav Namestnikov.
16:09 of 3rd period - Goal by Vladislav Namestnikov - Griffins : 5 - Eagles : 4.
16:10 of 3rd period - Brendan Woods wins face-off versus Jared McCann in neutral zone.
16:13 of 3rd period - Slapshot by Joe Morrow.
16:13 of 3rd period - Shot Hit the Post.
16:25 of 3rd period - Snap shot by Martin Frk.
16:25 of 3rd period - Shot Misses the Net.
16:27 of 3rd period - Slapshot by Lucas Lessio.
16:27 of 3rd period - Goal by Lucas Lessio - Griffins : 6 - Eagles : 4.
16:28 of 3rd period - Jared McCann wins face-off versus Brendan Woods in neutral zone.
16:30 of 3rd period - Minor Penalty to Keaton Middleton for Roughing.
16:31 of 3rd period - Jonathan Marchessault wins face-off versus Riley Armstrong in Eagles zone.
16:57 of 3rd period - Joe Morrow is hit by Drake Caggiula.
17:07 of 3rd period - Slapshot by Nico Hischier.
17:07 of 3rd period - Stopped by Adin Hill with a rebound.
18:30 of 3rd period - Penalty to Keaton Middleton is over, Keaton Middleton is back on ice.
18:45 of 3rd period - Snap shot by Jared McCann.
18:45 of 3rd period - Stopped by Ilya Samsonov with a rebound.
18:47 of 3rd period - Snap shot by Tyler Motte.
18:47 of 3rd period - Shot Blocked by Martin Frk.
19:05 of 3rd period - Nico Hischier is hit by Joseph Blandisi and loses puck.
19:09 of 3rd period - Icing by Sebastian Ahaut.
19:10 of 3rd period - Jonathan Marchessault wins face-off versus Nico Hischier in Griffins zone.
19:11 of 3rd period - Snap shot by Nick Cousins.
19:11 of 3rd period - Stopped by Ilya Samsonov without a rebound.
19:12 of 3rd period - Jared McCann wins face-off versus Brendan Woods in Griffins zone.
19:23 of 3rd period - Wrist shot by Tyler Motte.
19:23 of 3rd period - Stopped by Ilya Samsonov with a rebound.
19:25 of 3rd period - Snap shot by Tyler Motte.
19:25 of 3rd period - Shot Blocked by Martin Frk.
19:27 of 3rd period - Snap shot by Chris Calhan.
19:27 of 3rd period - Deflect By Tyler Motte.
19:27 of 3rd period - Shot Misses the Net.
19:27 of 3rd period - Puck is out of play.
19:28 of 3rd period - Nico Hischier wins face-off versus Drake Caggiula in Griffins zone.
19:28 of 3rd period - Nico Hischier is hit by Drake Caggiula.
Goals for this period are 4 for Griffins vs 2 for Eagles.
Shots for this period are 12 for Griffins vs 12 for Eagles.